 Dungeon Crawl Stone Soup version 0.31-a0-1008-g5b978dac0e (webtiles) character file.

Game seed: 7598272077072358131

100 night the Shooter (level 4, -6/38 HPs)
             Began as a Draconian Hunter on Nov 12, 2023.
             Killed by divine providence
             ... invoked by an orc priest
              (13 damage)
             ... on level 2 of the Dungeon.
             The game lasted 00:03:02 (1505 turns).

night the Shooter (Draconian Hunter)                Turns: 1505, Time: 00:03:03

Health: -6/38      AC:  8    Str: 13    XL:     4   Next: 46%
Magic:  4/4        EV: 12    Int: 10    God:
Gold:   116        SH:  0    Dex: 16    Spells: 3/3 levels left

rFire   . . .        a - +0 shortbow
rCold   . . .        (shield currently unavailable)
rNeg    . . .        (body armour unavailable)
rPois   .            d - +2 hat
rElec   .            (no cloak)
rCorr   .            i - +0 pair of gloves
SInv    .            (no boots)
Will    .....        (no amulet)
Stlth   ++           (no ring)
HPRegen 0.26/turn    (no ring)
MPRegen 0.09/turn

%: no passive effects
@: no status effects
A: AC +5, unfitting armour, cold-blooded
a: no special abilities


You were on level 2 of the Dungeon.
You visited 1 branch of the dungeon, and saw 3 of its levels.

You collected 116 gold pieces.

Inventory:

Hand Weapons
 a - a +0 shortbow (weapon)
Missiles
 c - 21 stones
Armour
 d - a +2 hat (worn)
 i - a +0 pair of gloves (worn)
Scrolls
 b - a scroll of butterflies
 g - 2 scrolls of enchant armour
 j - a scroll of teleportation
 l - a scroll of enchant weapon
 m - a scroll of blinking {unknown}
Potions
 f - a potion of mutation {unknown}
 k - a potion of enlightenment {unknown}


   Skills:
 + Level 3.5 Fighting
 * Level 4.9 Ranged Weapons
 - Level 1.7 Dodging
 - Level 0.8 Stealth


You had 3 spell levels left.
You didn't know any spells.
Your spell library contained the following spells:

 Spells                   Type           Power      Damage    Failure   Level
 Lesser Beckoning         Tloc           0%         N/A       50%         2
 Gell's Gravitas          Tloc           0%         N/A       75%         3
 Teleport Other           Tloc           0%         N/A       75%         3


Dungeon Overview and Level Annotations

Branches:
Dungeon (3/15)

Altars:


Innate Abilities, Weirdness & Mutations

Your plain brown scales are hard. (AC +5)
You cannot fit into any form of body armour.
You are cold-blooded and may be slowed by cold attacks.


Message History

You shoot an arrow. The arrow closely misses the orc.
The arrow barely misses the orc.
The orc priest miscasts a cantrip.
The orc misses you.
You shoot an arrow. The arrow closely misses the orc.
The arrow hits the orc.
The orc is heavily wounded.
The orc closely misses you.
You shoot an arrow. The arrow barely misses the orc.
The arrow hits the orc!
You kill the orc!
The orc hits you with a +0 flail.
You shoot an arrow. The arrow hits the orc.
You kill the orc!
You shoot an arrow. The arrow barely misses the orc priest.
The orc priest invokes the aid of Beogh against you.
Pain shoots through your body!
The orc priest calls down the wrath of Beogh upon you.
Beogh smites you!
An orc comes into view. It is wielding a +0 whip.
You shoot an arrow.
The arrow hits the orc priest but does no damage.
The orc priest closely misses you.
You shoot an arrow. The arrow hits the orc priest.
The orc priest is moderately wounded.
The orc priest barely misses you. The orc priest barely misses you.
You climb upwards.
There is a stone staircase leading down here.
You shoot an arrow. The arrow hits the orc priest.
The orc priest is heavily wounded.
The orc priest barely misses you.
You shoot an arrow.
The arrow closely misses the orc priest.
The orc priest invokes the aid of Beogh against you.
Beogh smites you!
* * * LOW HITPOINT WARNING * * *
You shoot an arrow. The arrow hits the orc priest!
The orc priest is almost dead.
The orc priest calls down the wrath of Beogh upon you.
Beogh smites you!
You die...

#..#.###...........#
#..#.# ###....######
#..#.## #....#
#.....####....#
#.........)...#
###...#####...#
##..........####
#.............#
#......@...##.#
#.######o####.##########
#.# ####..##............
#.# #.....##.###.......#
#.# #.######.# #.##.##.#
#.# #.# #.# #.##.##.#
#.# #.# #.# #.##.##..
#.# #.# #.###.##.####
#.# #.# #.##.########


You could see an orc priest.

Vanquished Creatures
  4 adders (D:2)
  A worm (D:2)
  4 dart slugs
  3 orcs (D:3)
  3 endoplasms
  3 giant cockroaches
  3 goblins (D:1)
  6 hobgoblins
  5 kobolds
  9 ball pythons
  4 bats
  4 frilled lizards
  2 rats (D:1)
51 creatures vanquished.

Notes
Turn   | Place    | Note
-------+----------+-------------------------------------------
     0 | D:1      | night the Draconian Hunter began the quest for the Orb.
     0 | D:1      | Reached XP level 1. HP: 17/17 MP: 1/1
    58 | D:1      | Reached XP level 2. HP: 6/25 MP: 2/2
   161 | D:1      | Reached skill level 4 in Ranged Weapons
   336 | D:1      | Reached XP level 3. HP: 29/30 MP: 3/3
   778 | D:2      | Found a faded altar of an unknown god.
   917 | D:2      | Reached XP level 4. HP: 38/38 MP: 4/4
  1505 | D:2      | Killed from afar by an orc priest

Illustrated notes

Levels and vault maps discovered:
D:1:      sevenhm_arrival_forest_fort_large_4, layout_rooms, minmay_hexomino_f4
D:2:      layout_loops_ring, shapermc_ecumenical_altar_gd
D:3:      layout_loops_ring, columned_hall_lemuel, uniq_natasha, uniq_grinder,
          uniq_crazy_yiuf_cottage, uniq_terence

Skill      XL: |  1  2  3 |
---------------+----------+-----
Ranged Weapons | 4 |  4.9
Fighting       | 3 |  3.5
Dodging        | |  1.7
Stealth        | |  0.8

Action                     |  1- 3 |  4- 6 || total
---------------------------+-------+-------++-------
   Fire: Shortbow          |   115 |    43 ||   158
    Use: Scroll            |       |     4 ||     4
 Armour: Skin              |    29 |     8 ||    37
  Dodge: Dodged            |    29 |    14 ||    43

Table legend: (Time is in decaauts)
 A = Elapsed time spent in this place.
 B = Non-inter-level travel time spent in this place.
 C = Inter-level travel time spent in this place.
 D = Time resting spent in this place.
 E = Time spent auto-exploring this place.
 F = Levels seen in this place.
 G = Mean time per level.
                   A        B        C        D        E       F      G
               +--------+--------+--------+--------+--------+-----+--------+
         Total |   1534 |   1448 |     86 |     76 |   1070 |   3 |  511.3 |
       Dungeon |   1534 |   1448 |     86 |     76 |   1070 |   3 |  511.3 |
               +--------+--------+--------+--------+--------+-----+--------+

Top non-repeatable levels by time:
     D:1: 778 daAuts
     D:2: 737 daAuts
     D:3: 19 daAuts
